 Dungeon Crawl Stone Soup version 0.26-a0-466-g989023bd0d (webtiles) character file.

Game seed: 9587674680486006535

636367 Yorgos the Unseen (level 27, -12/219 HPs)
             Began as a Gnoll Delver on Aug 9, 2020.
             Was a High Priest of Okawaru.
             Mangled by a phantasmal warrior (17 damage)
             ... on level 1 of the Crypt on Aug 10, 2020.
             The game lasted 04:30:08 (107892 turns).

Yorgos the Unseen (Gnoll Delver)                  Turns: 107892, Time: 04:30:09

Health: -12/219    AC: 32    Str: 33    XL:     27
Magic:  0/44       EV: 22    Int: 20    God:    Okawaru [*****.]
Gold:   9051       SH:  0    Dex: 20    Spells: 61/61 levels left

rFire    + + .     SeeInvis +   q - +10 zealot's sword {holy, *Rage rN+ EV+3}
rCold    + + +     Faith    .   (no shield)
rNeg     + + .     Spirit   +   u - +5 gold dragon scales
rPois    +         Reflect  .   l - +2 helmet {SInv}
rElec    +         Harm     .   X - scarf {rC+ rF+}
rCorr    +         Rnd*Rage +   O - +2 pair of gloves {Dex+3}
MR       ++...                  h - +0 pair of boots of the World {MR++ rCorr Str+3 Stlth-}
Stlth    ..........             x - amulet "Rorelimp" {Spirit rN+}
HPRegen  0.46/turn              k - ring of the Genius {rC+ Int+6 Dex+2 Stlth+}
MPRegen  0.29/turn              p - ring of Irhiruylom {*Corrode rElec rPois Str+6 SInv}

@: vulnerable, flayed, berserk cooldown, slowed, very slow
A: distributed training, fangs 1, iridescent scales 1, clumsy 1, cold resistance
1, deformed body, deterioration 1, weak 1, wild magic 1, strong nose
}: 5/15 runes: barnacled, slimy, silver, abyssal, gossamer
a: Heroism, Finesse, Renounce Religion


You were on level 1 of the Crypt.
You worshipped Okawaru.
Okawaru was extremely pleased with you.
You visited 12 branches of the dungeon, and saw 49 of its levels.
You visited the Abyss 2 times.
You visited 2 bazaars.
You also visited: Trove and Gauntlet.

You collected 11731 gold pieces.
You spent 2680 gold pieces at shops.

Inventory:

Hand Weapons
 a - the +5 sword of Power
   (You found it on level 5 of the Pits of Slime)
 b - a +6 triple crossbow of freezing
 q - the +10 zealot's sword (weapon) {holy, *Rage rN+ EV+3}
   (You found it on level 1 of the Shoals)

   It has been blessed by the Shining One to cause great damage to the undead
   and demons.
   It affects your evasion (+3).
   It protects you from negative energy.
   It may make you go berserk in combat.
 r - the +8 mithril axe "Arga" {speed, MR+}
   (You took it off a boggart on level 14 of the Dungeon)

   Attacks with this weapon are significantly faster.
   It affects your resistance to hostile enchantments.
Missiles
 t - 1450 bolts
Armour
 h - the +0 pair of boots of the World (worn) {MR++ rCorr Str+3 Stlth-}
   (You found it in a Gauntlet)

   It affects your strength (+3).
   It affects your resistance to hostile enchantments.
   It provides partial protection from all sources of acid and corrosion.
   It makes you less stealthy.
 l - a +2 helmet of see invisible (worn)
 u - +5 gold dragon scales (worn)
 O - a +2 pair of gloves of dexterity (worn)
 X - a scarf of resistance (worn)
Jewellery
 k - the ring of the Genius (left hand) {rC+ Int+6 Dex+2 Stlth+}
   (You took it off an ogre mage on level 2 of the Depths)

   [ring of intelligence]

   It affects your intelligence (+6).
   It affects your dexterity (+2).
   It protects you from cold.
   It makes you more stealthy.
 p - the ring of Irhiruylom (right hand) {*Corrode rElec rPois Str+6 SInv}
   (You found it in a treasure trove)

   [ring of strength]

   It affects your strength (+6).
   It insulates you from electricity.
   It protects you from poison.
   It lets you see invisible.
   It may corrode you when you take damage.
 x - the amulet "Rorelimp" (around neck) {Spirit rN+}
   (You found it on level 3 of the Spider Nest)

   [amulet of guardian spirit]

   It causes incoming damage to be split between your health and magic.
   It protects you from negative energy.
Wands
 g - a wand of digging (27)
 m - a wand of acid (5)
 z - a wand of enslavement (19)
 E - a wand of paralysis (26)
 K - a wand of polymorph (6)
 N - a wand of disintegration (37)
 Y - a wand of iceblast (42)
Scrolls
 c - 7 scrolls of fog
 d - 6 scrolls of magic mapping
 e - 10 scrolls of fear
 o - 35 scrolls of remove curse
 s - 2 scrolls of holy word
 w - 5 scrolls of torment
 G - 12 scrolls of immolation
 H - 2 scrolls of enchant armour
 L - 12 scrolls of teleportation
 P - a scroll of summoning
 Q - 13 scrolls of enchant weapon
 U - 8 scrolls of identify
 Z - 8 scrolls of amnesia
Potions
 f - 3 potions of haste
 i - 17 potions of curing
 j - 5 potions of ambrosia
 n - 4 potions of resistance
 v - 4 potions of cancellation
 B - a potion of heal wounds
 D - 2 potions of magic
 I - 6 potions of mutation
 J - 7 potions of flight
 M - 4 potions of stabbing
 R - 3 potions of might
 S - 2 potions of brilliance
 T - 7 potions of lignification
 V - a potion of invisibility
 W - 9 potions of berserk rage


   Skills:
 + Level 18.5 Fighting
 + Level 17.6 Short Blades
 + Level 18.1 Long Blades
 + Level 17.6 Axes
 + Level 17.6 Maces & Flails
 + Level 17.6 Polearms
 + Level 17.6 Staves
 + Level 17.6 Slings
 + Level 17.6 Bows
 + Level 17.6 Crossbows
 + Level 17.6 Throwing
 + Level 17.6 Armour
 + Level 18.1 Dodging
 + Level 19.3 Stealth
 + Level 17.6 Shields
 + Level 17.6 Unarmed Combat
 + Level 17.6 Spellcasting
 + Level 15.2 Conjurations
 + Level 15.2 Hexes
 + Level 15.2 Summonings
 + Level 15.2 Necromancy
 + Level 15.2 Translocations
 + Level 15.2 Transmutations
 + Level 15.2 Fire Magic
 + Level 15.2 Ice Magic
 + Level 15.2 Air Magic
 + Level 15.2 Earth Magic
 + Level 15.2 Poison Magic
 + Level 19.0 Invocations
 + Level 17.6 Evocations


You had 61 spell levels left.
You didn't know any spells.
Your spell library contained the following spells:

 Spells                   Type           Power        Failure   Level
 Animate Skeleton         Necr           ######       1%          1
 Apportation              Tloc           ######       1%          1
 Beastly Appendage        Tmut           ######       1%          1
 Corona                   Hex            #######      1%          1
 Freeze                   Ice            ####         1%          1
 Magic Dart               Conj           ####         1%          1
 Shock                    Conj/Air       ####         1%          1
 Sting                    Tmut/Pois      ####         1%          1
 Summon Small Mammal      Summ           ####         1%          1
 Corpse Rot               Necr/Air       N/A          1%          2
 Ensorcelled Hibernation  Hex/Ice        ######       1%          2
 Poisonous Vapours        Pois/Air       ######       1%          2
 Searing Ray              Conj           ######       1%          2
 Slow                     Hex            #######.     1%          2
 Sublimation of Blood     Necr           #######...   1%          2
 Swiftness                Air            #######.     1%          2
 Wereblood                Tmut           #######.     1%          2
 Confusing Touch          Hex            #######.     1%          3
 Conjure Flame            Conj/Fire      #######.     1%          3
 Dazzling Flash           Conj/Hex       ######       1%          3
 Frozen Ramparts          Ice            ######       1%          3
 Ignite Poison            Fire/Tmut/Pois #######.     1%          3
 Inner Flame              Hex/Fire       #######.     1%          3
 Lesser Beckoning         Tloc           #######...   1%          3
 Mephitic Cloud           Conj/Pois/Air  #######.     1%          3
 Ozocubu's Armour         Ice            #######.     1%          3
 Portal Projectile        Hex/Tloc       ######       1%          3
 Spider Form              Tmut/Pois      #######...   1%          3
 Static Discharge         Conj/Air       #######.     1%          3
 Tukima's Dance           Hex            #######.     1%          3
 Animate Dead             Necr           #######...   1%          4
 Cause Fear               Hex            #######...   1%          4
 Dispel Undead            Necr           #######.     1%          4
 Fulminant Prism          Conj/Hex       #######...   1%          4
 Ice Form                 Ice/Tmut       #######.     1%          4
 Iskenderun's Mystic Bla  Conj/Tloc      #######.     1%          4
 Leda's Liquefaction      Hex/Erth       #######...   1%          4
 Olgreb's Toxic Radiance  Pois           #######.     1%          4
 Summon Ice Beast         Ice/Summ       #######.     1%          4
 Summon Lightning Spire   Summ/Air       #######.     1%          4
 Agony                    Necr           #######.     3%          5
 Alistair's Intoxication  Tmut/Pois      #######..    3%          5
 Blade Hands              Tmut           #######...   3%          5
 Bolt of Magma            Conj/Fire/Erth #######...   3%          5
 Borgnjor's Vile Clutch   Necr/Erth      #######...   3%          5
 Excruciating Wounds      Necr           #######...   3%          5
 Irradiate                Conj/Tmut      #######...   3%          5
 Iskenderun's Battlesphe  Conj           #######.     3%          5
 Lightning Bolt           Conj/Air       #######...   3%          5
 Metabolic Englaciation   Hex/Ice        #######...   3%          5
 Silence                  Hex/Air        #######...   3%          5
 Summon Forest            Summ/Tloc      #######...   3%          5
 Summon Mana Viper        Hex/Summ       #######.     3%          5
 Yara's Violent Unravell  Hex/Tmut       #######...   3%          5
 Conjure Ball Lightning   Conj/Air       #######...   14%         6
 Death Channel            Necr           #######...   14%         6
 Eringya's Noxious Bog    Tmut/Pois      #######...   14%         6
 Freezing Cloud           Conj/Ice/Air   #######...   14%         6
 Hydra Form               Tmut           #######...   14%         6
 Invisibility             Hex            #######.     14%         6
 Iron Shot                Conj/Erth      #######...   14%         6
 Ozocubu's Refrigeration  Ice            #######...   14%         6
 Simulacrum               Ice/Necr       #######...   14%         6
 Starburst                Conj/Fire      #######...   14%         6
 Statue Form              Tmut/Erth      #######..    14%         6
 Dragon Form              Tmut           #######...   54%         7
 Malign Gateway           Summ/Tloc      #######...   54%         7
 Orb of Destruction       Conj           #######...   54%         7
 Spellforged Servitor     Conj/Summ      #######...   54%         7
 Summon Hydra             Summ           #######...   54%         7
 Discord                  Hex            #######...   99%         8
 Ignition                 Fire           #######...   99%         8
 Shatter                  Erth           #######...   100%        9
 Tornado                  Air            #######...   100%        9


Dungeon Overview and Level Annotations

Branches:
Dungeon (15/15)            Temple (1/1) D:5            Lair (6/6) D:8
 Shoals (4/4) Lair:3       Spider (4/4) Lair:2        Slime (5/5) Lair:6
    Orc (2/2) D:12            Elf (3/3) Orc:2        Vaults (5/5) D:13
  Crypt (2/3) Vaults:3     Depths (5/5) D:15           Hell (visited)
    Zot (0/5) Depths:5    Gauntlet (visited)
    Dis: Hell:1         Geh: Hell:1         Coc: Hell:1         Tar: Hell:1

Altars:
Cheibriados
Dithmenos
Elyvilon
Fedhas
Gozag
Nemelex Xobeh
Okawaru
Ru
Trog
Uskayaw
Vehumet
Wu Jian
Xom
Zin
The Shining One
Beogh
Jiyva

Shops:
D:11 :}   D:15 :   Orc:1 (   Orc:2 =[:!   Elf:1 ([   Elf:2 }=}   Vaults:1 :
Vaults:2 (   Vaults:3 [   Vaults:4 :*((   Depths:3 (   Depths:5 !=

Portals:
Hell: Depths:1 Depths:2 Depths:3 Depths:4 Depths:5
Abyss: Depths:2 Depths:3 Depths:4
Pandemonium: Depths:2 Depths:3
Ziggurat: Depths:5

Annotations:
D:5 2 transporters, bmfx's ghost, weakling HODe
Lair:1 1 runed translucent door, 1player's ghost, journeyman FoAK
Elf:1 3 runed translucent doors, Zoiloeb's ghost, adept CeHu
Vaults:3 1 runed translucent door, Ceoruaheis's ghost, adept MiFi
Depths:5 exclusion: ancient lich


Innate Abilities, Weirdness & Mutations

Your experience applies equally to all skills.
You have very sharp teeth.
Your uncanny sense of smell can sniff out nearby items.
You are partially covered in iridescent scales. (AC +2)
You are clumsy. (Dex -2)
Your flesh is cold resistant. (rC+)
Armour fits poorly on your strangely shaped body.
Your body sometimes deteriorates upon taking damage.
You are weak. (Str -2)
Your spells are a little harder to cast, but a little more powerful.


Message History

You chop the ancient champion into pieces!!!
You destroy the ancient champion!
Okawaru accepts your kill.
The skeletal warrior hits you but does no damage.
The phantasmal warrior hits you!
* * * LOW HITPOINT WARNING * * *
Things that are here:
a +0 great mace of flaming; a +0 chain mail of fire resistance; a +0 dire flail You feel a strong urge to attack something.
You are no longer berserk.
You are exhausted.
You feel yourself slow down.
The curse skull calls on the powers of darkness!
Your body is wracked with pain!
* * * LOW HITPOINT WARNING * * *
The phantasmal warrior blinks!
You slice the phantasmal warrior!!
The phantasmal warrior convulses!
The phantasmal warrior is severely damaged.
The phantasmal warrior hits you!!
You die...

#####....# #........#
#........# #..).....# ##
#........# #. #.....!WW+ +.
#........# ########### #.
#...[###W########...##....###.
#...VWzWWz§W.@W.'...''....'.+.
#.....############...##....###.
#.....Z #...##...[# #. +....W.
#####.....# #. #...... #.....#
#. ####.. ###.....####
...'......# .###......###
###......#


You could see a skeletal warrior, a curse skull, 2 phantasmal warriors, a
freezing wraith (summoned) and 2 wraiths.

Vanquished Creatures
  the Royal Jelly (Slime:5)
  2 juggernauts
  Sojobo (Depths:3)
  Boris (twice) (Depths:4 Depths:5)
  Saint Roka (Depths:3)
  Geryon (Hell)
  4 golden dragons
  A profane servitor (Abyss:1)
  Jory (Depths:4)
  5 liches
  12 tentacled monstrosities
  Rupert (D:15)
  2 hellephants
  Asterion (Vaults:1)
  4 titans
  Murray (Depths:4)
  2 quicksilver dragons
  2 deep elf master archers (Elf:3)
  41 acid blobs
  3 deep elf blademasters
  5 sphinxes
  8 tentacled starspawn
  3 ancient champions
  7 shadow dragons
  Kirke (D:11)
  A draconian monk (Depths:5)
  2 storm dragons
  12 tengu reavers
  2 revenants
  28 azure jellies
  9 fire giants
  2 iron dragons
  A draconian knight (Depths:5)
  A balrug (Abyss:3)
  9 frost giants
  16 vault wardens
  Aizul (Vaults:4)
  3 emperor scorpions
  2 deep elf elementalists (Elf:3)
  2 cacodemons
  12 deep elf sorcerers
  4 ghost moths
  Louise (D:15)
  2 spriggan defenders
  28 stone giants
  A war gargoyle (Vaults:5)
  12 ironheart preservers
  15 very ugly things
  3 reapers (Hell)
  3 green draconians (Depths:5)
  6 entropy weavers
  3 vampire knights
  A yellow draconian (Depths:5)
  10 deep elf annihilators
  6 deep elf demonologists
  Azrael (D:15)
  A dire elephant (shapeshifter) (Vaults:5)
  A minotaur (Gauntlet)
  8 spark wasps
  8 deep elf death magi
  16 ettins
  An eidolon (Abyss:1)
  A green death (Depths:4)
  18 death oozes
  A jiangshi (Crypt:1)
  10 merfolk impalers
  A merfolk javelineer (Shoals:4)
  14 yaktaur captains
  5 fire dragons
  6 deep elf high priests
  Fannar (D:11)
  5 rakshasas
  14 great orbs of eyes
  14 ice dragons
  3 hydras
  2 hell beasts
  33 vault guards
  8 spriggan air magi
  A catoblepas (D:14)
  Erica (D:8)
  9 centaur warriors
  7 merfolk avatars
  29 dancing weapons
  11 merfolk aquamancers
  3 alligator snapping turtles (Shoals:2)
  2 death yaks
  7 deep troll earth magi
  30 two-headed ogres
  3 vampire magi
  6 death knights
  A two-headed ogre (shapeshifter) (Depths:5)
  8 deep troll shamans
  3 hell hogs
  5 tengu warriors
  17 ogre magi
  5 orc high priests
  A satyr (Shoals:4)
  18 deep elf knights
  2 soul eaters (Depths:3)
  4 spriggan berserkers
  Nergalle (Lair:3)
  6 thrashing horrors
  7 sun demons
  5 iron trolls
  A fire crab (shapeshifter) (Vaults:5)
  2 fire crabs (Shoals:3)
  3 shadow wraiths
  7 wretched stars
  2 titan skeletons
  27 skeletal warriors
  6 sixfirhies
  12 hell knights
  11 sea snakes
  An unseen horror (D:15)
  2 shadow demons
  21 deep trolls
  An obsidian statue (D:11)
  6 flayed ghosts
  5 phantasmal warriors
  7 glowing orange brains
  17 large abominations
  15 ironbrand convokers
  4 wizards
  A lindwurm (shapeshifter) (Vaults:3)
  A harpy (shapeshifter) (D:15)
  20 deep elf archers
  12 orb spiders
  7 orc knights
  2 wolf spider zombies
  12 harpies
  4 oklob plants (Lair:2)
  6 necromancers
  A stone giant zombie (Hell)
  6 orc sorcerers
  A fire giant zombie (Hell)
  9 shining eyes
  An anaconda skeleton (Abyss:2)
  An orb spider (shapeshifter) (Vaults:1)
  5 cyclopes
  9 manticores
  9 fauns
  46 ugly things
  75 deep elf magi
  A frost giant zombie (Vaults:2)
  3 worldbinders
  3 frost giant skeletons
  22 wolf spiders
  A manticore (shapeshifter) (Depths:1)
  3 moths of wrath
  A shadow dragon skeleton (Depths:1)
  A stone giant skeleton (Depths:3)
  A titan simulacrum (Hell)
  An elephant (D:8)
  A moth of wrath (shapeshifter) (D:14)
  A black mamba (shapeshifter) (Depths:2)
  A fire giant skeleton (Vaults:3)
  8 merfolk sirens
  An ice statue (Gauntlet)
  3 black mambas
  2 apocalypse crabs (Abyss:3)
  A centaur zombie (D:15)
  18 vault sentinels
  2 eyes of devastation
  11 smoke demons
  4 water nymphs
  3 orange demons (Abyss:1)
  An elf skeleton (Depths:3)
  2 gargoyles (D:15)
  3 hellions
  4 centaur skeletons
  10 cane toads
  6 rime drakes
  11 demonic crawlers
  6 komodo dragons
  9 freezing wraiths
  3 tengu conjurers
  A tormentor (Abyss:3)
  An efreet (D:14)
  2 kobold demonologists
  10 ice devils
  52 yaktaurs
  6 ancient zymes
  A hydra zombie (Hell)
  6 red devils
  22 merfolk
  A jumping spider (shapeshifter) (D:13)
  An iron troll skeleton (Crypt:1)
  7 trolls
  A wolf spider simulacrum (Abyss:3)
  A tengu simulacrum (Vaults:2)
  3 meliai (Abyss:3)
  3 queen bees
  2 meliai (shapeshifter) (Vaults:1)
  A troll (shapeshifter) (Depths:3)
  33 jumping spiders
  6 wind drakes
  18 hornets
  4 polar bears (Lair:6)
  A queen bee (shapeshifter) (Vaults:1)
  122 slime creatures
  5 raiju
  A hippogriff (shapeshifter) (Vaults:1)
  An ettin zombie (Vaults:3)
  10 snapping turtles
  9 blink frogs
  A meliai zombie (D:13)
  A stone giant simulacrum (Depths:1)
  2 dream sheep (Lair:6)
  11 hippogriffs
  A fire dragon skeleton (Abyss:3)
  5 flying skulls (Abyss:1)
  5 air elementals (Elf:1)
  12 spriggans
  8 ynoxinuls
  65 redbacks
  31 water elementals
  22 tarantellas
  6 wraiths
  33 yaks
  2 hogs (D:11)
  2 fire bats (Shoals:3)
  2 wyverns
  8 fire elementals
  A golden eye (shapeshifter) (Vaults:4)
  A hog (shapeshifter) (Vaults:2)
  10 humans (D:13)
  6 basilisks
  5 golden eyes
  5 chaos spawn
  2 neqoxecs
  A redback simulacrum (D:15)
  11 wargs
  5 acid dragons
  A soldier ant (shapeshifter) (Depths:4)
  7 porcupines
  10 hell hounds
  8 water moccasins
  A hornet zombie (D:14)
  2 black bears (Lair:6)
  2 human zombies (Vaults:2)
  5 sky beasts
  An elf zombie (Vaults:1)
  18 orc warriors
  A phantom (D:12)
  A black bear (shapeshifter) (Depths:1)
  3 ice beasts
  40 ogres
  3 necrophages
  12 eyes of draining
  19 boggarts
  A snapping turtle skeleton (Abyss:3)
  12 centaurs
  34 wolves
  3 human skeletons
  9 crocodiles
  15 bullfrogs
  A yaktaur zombie (Vaults:1)
  21 small abominations
  5 earth elementals (Elf:2)
  4 human simulacra
  A glowing shapeshifter simulacrum (Depths:3)
  8 scorpions
  45 killer bees
  18 wights
  5 electric eels
  5 crimson imps
  3 bullfrog zombies
  24 starcursed masses
  5 hounds
  3 iron imps
  34 orc priests
  5 quasits
  5 jellies
  17 orc wizards
  6 iguanas
  6 worker ants
  6 hell rats (Lair:5)
  A porcupine zombie (Crypt:1)
  2 hound zombies
  2 howler monkey skeletons (D:6)
  9 adders
  A shadow imp (D:7)
  4 white imps
  2 ufetubi
  An iguana zombie (Crypt:1)
  2 adder skeletons (D:7)
  2 adder zombies (D:5)
  5 worms
  75 orcs
  A giant cockroach (D:5)
  4 jackals
  2 quokkas
  6 bats (D:10)
  A kobold simulacrum (Abyss:1)
  4 crawling corpses
  5 fungi
  A lurking horror (Abyss:3)
  5 plants
  6 starspawn tentacles (Abyss:1)
2371 creatures vanquished.

Vanquished Creatures (collateral kills)
  An acid blob (Slime:5)
  2 azure jellies (Slime:5)
  An eye of draining (Slime:5)
4 creatures vanquished.

Vanquished Creatures (others)
  A draconian knight (Depths:5)
  A merfolk aquamancer (Shoals:4)
  A hell hog (Hell)
  2 deep elf knights (Elf:2)
  3 deep elf magi
  A necromancer (Vaults:1)
  An air elemental (Elf:1)
  A fire elemental (Hell)
  4 humans (D:12)
  An ogre (Vaults:2)
  An orc wizard (Vaults:2)
  A crawling corpse (Elf:3)
  2 fungi
  A lurking horror (Abyss:1)
  19 plants
  17 starspawn tentacles
57 creatures vanquished.

Grand Total: 2432 creatures vanquished

Notes
Turn   | Place    | Note
-------+----------+-------------------------------------------
     0 | D:5      | Yorgos the Gnoll Delver began the quest for the Orb.
     0 | D:5      | Reached XP level 1. HP: 23/23 MP: 1/1
     0 | D:5      | Found a sparkling altar of Nemelex Xobeh.
    28 | D:5      | Found an opulent altar of Gozag.
    59 | D:5      | Noticed an iguana
   108 | D:5      | Reached XP level 2. HP: 27/29 MP: 2/2
   134 | D:5      | Found a staircase to the Ecumenical Temple.
   143 | Temple   | Entered the Ecumenical Temple
   169 | Temple   | Became a worshipper of Warmaster Okawaru
   369 | D:5      | Reached skill level 1 in Short Blades
   369 | D:5      | Reached skill level 1 in Axes
   369 | D:5      | Reached skill level 1 in Maces & Flails
   369 | D:5      | Reached skill level 1 in Polearms
   369 | D:5      | Reached skill level 1 in Staves
   369 | D:5      | Reached skill level 1 in Slings
   369 | D:5      | Reached skill level 1 in Bows
   369 | D:5      | Reached skill level 1 in Crossbows
   369 | D:5      | Reached skill level 1 in Throwing
   369 | D:5      | Reached skill level 1 in Armour
   369 | D:5      | Reached skill level 1 in Shields
   369 | D:5      | Reached skill level 1 in Unarmed Combat
   369 | D:5      | Reached skill level 1 in Spellcasting
   369 | D:5      | Reached skill level 1 in Invocations
   369 | D:5      | Reached skill level 1 in Evocations
   369 | D:5      | Reached XP level 3. HP: 20/35 MP: 2/4
   512 | D:5      | Reached XP level 4. HP: 36/41 MP: 5/5
   587 | D:5      | Found a transporter.
   689 | D:5      | Found a transporter.
   762 | D:5      | Reached skill level 1 in Conjurations
   762 | D:5      | Reached skill level 1 in Hexes
   762 | D:5      | Reached skill level 1 in Summonings
   762 | D:5      | Reached skill level 1 in Necromancy
   762 | D:5      | Reached skill level 1 in Translocations
   762 | D:5      | Reached skill level 1 in Transmutations
   762 | D:5      | Reached skill level 1 in Fire Magic
   762 | D:5      | Reached skill level 1 in Ice Magic
   762 | D:5      | Reached skill level 1 in Air Magic
   762 | D:5      | Reached skill level 1 in Earth Magic
   762 | D:5      | Reached skill level 1 in Poison Magic
   762 | D:5      | Reached XP level 5. HP: 28/47 MP: 5/7
   953 | D:5      | Noticed bmfx's ghost (weakling HODe)
   995 | D:5      | Reached * piety under Okawaru
  1711 | D:6      | Reached XP level 6. HP: 53/53 MP: 8/8
  1750 | D:6      | Got an ichor-stained dagger
  1750 | D:6      | Identified the +9 dagger of Okawaru {flame, *Rage rPois
                  | Int+4} (You found it on level 6 of the Dungeon)
  1871 | D:6      | Reached skill level 5 in Long Blades
  1871 | D:6      | Reached skill level 5 in Dodging
  2002 | D:6      | Reached XP level 7. HP: 21/59 MP: 10/10
  2833 | D:7      | Found a glowing golden altar of the Shining One.
  3046 | D:7      | Noticed a basilisk
  3052 | D:7      | Killed a basilisk
  3052 | D:7      | Reached ** piety under Okawaru
  3309 | D:7      | Found a hide-covered altar of Uskayaw.
  3565 | D:8      | Reached skill level 10 in Stealth
  3565 | D:8      | Reached XP level 8. HP: 42/67 MP: 12/12
  3698 | D:8      | Noticed Erica
  3722 | D:8      | Killed Erica
  3858 | D:8      | Found a radiant altar of Vehumet.
  3905 | D:8      | Noticed a hippogriff
  3911 | D:8      | Killed a hippogriff
  3911 | D:8      | Reached *** piety under Okawaru
  3911 | D:8      | Reached XP level 9. HP: 58/73 MP: 14/14
  3990 | D:8      | Found a staircase to the Lair.
  3990 | D:8      | Noticed an elephant
  3990 | D:8      | Noticed a death yak
  4531 | D:8      | Killed an elephant
  4737 | D:7      | Received a gift from Okawaru
  4976 | D:8      | Killed a death yak
  4976 | D:8      | Reached **** piety under Okawaru
  4976 | D:8      | Reached skill level 5 in Invocations
  4976 | D:8      | Reached XP level 10. HP: 80/80 MP: 15/17
  5438 | D:9      | Reached skill level 5 in Short Blades
  5438 | D:9      | Reached skill level 5 in Axes
  5438 | D:9      | Reached skill level 5 in Maces & Flails
  5438 | D:9      | Reached skill level 5 in Polearms
  5438 | D:9      | Reached skill level 5 in Staves
  5438 | D:9      | Reached skill level 5 in Slings
  5438 | D:9      | Reached skill level 5 in Bows
  5438 | D:9      | Reached skill level 5 in Crossbows
  5438 | D:9      | Reached skill level 5 in Throwing
  5438 | D:9      | Reached skill level 5 in Armour
  5438 | D:9      | Reached skill level 5 in Shields
  5438 | D:9      | Reached skill level 5 in Unarmed Combat
  5438 | D:9      | Reached skill level 5 in Spellcasting
  5438 | D:9      | Reached skill level 5 in Evocations
  6115 | D:9      | Found an ornate altar of the Wu Jian Council.
  6336 | D:9      | Found a glowing silver altar of Zin.
  6445 | D:10     | Entered Level 10 of the Dungeon
  6578 | D:9      | Reached ***** piety under Okawaru
  6896 | D:9      | Received a gift from Okawaru
  7490 | D:11     | Found Giman's Gadget Shoppe.
  7563 | D:11     | Noticed a manticore
  7575 | D:11     | Killed a manticore
  7857 | D:11     | Found Kamaas's Book Boutique.
  7888 | D:11     | Reached XP level 11. HP: 87/87 MP: 19/19
  8117 | D:11     | Noticed an obsidian statue
  8182 | D:11     | Noticed Fannar
  8210 | D:11     | Killed Fannar
  8210 | D:11     | Reached skill level 5 in Conjurations
  8210 | D:11     | Reached skill level 5 in Hexes
  8210 | D:11     | Reached skill level 5 in Summonings
  8210 | D:11     | Reached skill level 5 in Necromancy
  8210 | D:11     | Reached skill level 5 in Translocations
  8210 | D:11     | Reached skill level 5 in Transmutations
  8210 | D:11     | Reached skill level 5 in Fire Magic
  8210 | D:11     | Reached skill level 5 in Ice Magic
  8210 | D:11     | Reached skill level 5 in Air Magic
  8210 | D:11     | Reached skill level 5 in Earth Magic
  8210 | D:11     | Reached skill level 5 in Poison Magic
  8626 | D:12     | Found a staircase to the Orcish Mines.
  8629 | D:12     | Noticed Kirke
  8737 | D:11     | Noticed a sphinx
  8973 | D:11     | Noticed a sphinx
  8974 | D:11     | Killed Kirke
  9124 | D:12     | Noticed a manticore
  9135 | D:12     | Killed a manticore
  9431 | D:12     | Noticed a cyclops
  9454 | D:12     | Killed a cyclops
  9454 | D:12     | Received a gift from Okawaru
  9457 | D:12     | Got a smoking scale mail {god gift}
  9467 | D:12     | Identified the +3 scale mail of Complete Protection {MR+
                  | Regen+ Stlth-} (Okawaru gifted it to you on level 12 of the
                  | Dungeon)
  9977 | D:13     | Noticed a purple ugly thing
  9999 | D:13     | Noticed a tengu warrior
 10047 | D:13     | Noticed a red ugly thing
 10077 | D:13     | Noticed a red ugly thing
 10117 | Orc:1    | Entered Level 1 of the Orcish Mines
 10117 | Orc:1    | Noticed a cyclops
 10128 | Orc:1    | Killed a cyclops
 10188 | Orc:1    | Noticed an orc sorcerer
 10214 | Orc:1    | Killed an orc sorcerer
 10248 | Orc:1    | Reached XP level 12. HP: 88/96 MP: 22/22
 10338 | Orc:1    | Found Pumoupnu's Antique Weapon Emporium.
 10533 | Orc:2    | Entered Level 2 of the Orcish Mines
 10809 | Orc:1    | Noticed a two-headed ogre
 10809 | Orc:1    | Noticed a two-headed ogre
 10830 | Orc:1    | Killed a two-headed ogre
 10869 | Orc:1    | Killed a two-headed ogre
 11152 | Orc:2    | Noticed an orc high priest
 11203 | Orc:1    | Killed an orc high priest
 11664 | Orc:2    | Found Varok's Distillery.
 11664 | Orc:2    | Found Deogaschi's Book Boutique.
 11667 | Orc:2    | Noticed an orc high priest
 11798 | Orc:2    | Found a roughly hewn altar of Beogh.
 11882 | Orc:2    | Found a staircase to the Elven Halls.
 11899 | Orc:2    | Killed an orc high priest
 12039 | Orc:2    | Received a gift from Okawaru
 12039 | Orc:2    | Noticed an orc high priest
 12051 | Orc:2    | Reached ****** piety under Okawaru
 12239 | Orc:2    | Noticed a soul eater
 12335 | Orc:2    | Noticed a soul eater
 12335 | Orc:2    | Noticed a soul eater
 12336 | Orc:2    | Killed an orc high priest
 12336 | Orc:2    | Reached skill level 10 in Fighting
 12476 | Orc:2    | Noticed an orc high priest
 12532 | Orc:2    | Noticed an orc high priest
 12653 | Orc:2    | Killed an orc high priest
 12653 | Orc:2    | Received a gift from Okawaru
 12801 | Orc:2    | Killed an orc high priest
 12839 | Orc:2    | Found Zeicvaoxi's Antique Armour Emporium.
 12839 | Orc:2    | Found Tesami Piqae's Jewellery Boutique.
 13046 | Orc:2    | Bought a pitted plate armour for 1036 gold pieces
 13057 | Orc:2    | Identified the +5 plate armour of the Ward {Str+3} (You
                  | bought it in a shop on level 2 of the Orcish Mines)
 13462 | Lair:1   | Entered Level 1 of the Lair of Beasts
 13563 | Lair:1   | Noticed 1player's ghost (journeyman FoAK)
 13565 | Lair:1   | Found a runed translucent door.
 13623 | Lair:1   | Reached XP level 13. HP: 75/103 MP: 24/24
 15024 | Lair:2   | Received a gift from Okawaru
 15362 | Lair:2   | Found a hole to the Spider Nest.
 15833 | Lair:2   | Received a gift from Okawaru
 15838 | Lair:2   | Got an ebony fustibalus {god gift}
 15838 | Lair:2   | Identified the +6 fustibalus "Vacsageu" {freeze, rF++
                  | Str+2} (Okawaru gifted it to you on level 2 of the Lair of
                  | Beasts)
 16391 | Lair:3   | Found a staircase to the Shoals.
 16704 | Lair:3   | Noticed Nergalle
 16713 | Lair:3   | Killed Nergalle
 17705 | Lair:5   | Found a gate leading to a gauntlet.
 17716 | Gauntlet | Entered a Gauntlet
 17716 | Gauntlet | Found a transporter.
 17716 | Gauntlet | Found a transporter.
 17716 | Gauntlet | Found a transporter.
 17727 | Gauntlet | Found a transporter.
 17729 | Gauntlet | Found a transporter.
 17740 | Gauntlet | Found a transporter.
 17742 | Gauntlet | Found a transporter.
 17749 | Gauntlet | Found a transporter.
 17766 | Gauntlet | Found a transporter.
 17784 | Gauntlet | Found a transporter.
 17787 | Gauntlet | Found a transporter.
 17797 | Gauntlet | Found a transporter.
 17942 | Gauntlet | Got a pair of pitted boots
 17952 | Gauntlet | Identified the +0 pair of boots of the World {MR++ rCorr
                  | Str+3 Stlth-} (You found it in a Gauntlet)
 19153 | Gauntlet | Received a gift from Okawaru
 19166 | Gauntlet | HP: 4/104 [red ugly thing (17)]
 19571 | Gauntlet | Noticed a minotaur
 19588 | Gauntlet | Killed a minotaur
 19601 | Gauntlet | Got an ichor-stained rapier
 19761 | Lair:5   | Received a gift from Okawaru
 19783 | Lair:5   | Identified the +7 rapier "Kaemoll" {venom, rC+ MR+ Stlth+}
                  | (You found it in a Gauntlet)
 20229 | Lair:5   | Received a gift from Okawaru
 20229 | Lair:5   | Reached XP level 14. HP: 77/111 MP: 26/26
 20601 | Lair:6   | Entered Level 6 of the Lair of Beasts
 20684 | Lair:6   | Reached skill level 10 in Long Blades
 20684 | Lair:6   | Reached skill level 10 in Dodging
 21606 | Lair:6   | Reached skill level 10 in Invocations
 22328 | Lair:6   | Found a staircase to the Slime Pits.
 24125 | D:13     | Identified 3 scrolls of acquirement
 24126 | D:13     | Acquired the +10 plate armour "Pyiso" {MP+9 Dex-3 Stlth+}
 24140 | D:13     | Acquired the +2 pair of boots "Xamoyrgh" {-Tele Str+5
                  | Int+7}
 24142 | D:13     | Acquired 1950 gold pieces
 24216 | D:13     | Received a gift from Okawaru
 24382 | D:13     | Received a gift from Okawaru
 24383 | D:13     | Found the +27 Lear's hauberk
 25013 | D:13     | Found a gate to the Vaults.
 25464 | D:13     | Reached XP level 15. HP: 56/119 MP: 28/28
 25973 | D:14     | Identified the ring "Taly" {rC- Str+8 Dex+6 SInv}
 26907 | D:14     | Reached skill level 10 in Short Blades
 26907 | D:14     | Reached skill level 10 in Axes
 26907 | D:14     | Reached skill level 10 in Maces & Flails
 26907 | D:14     | Reached skill level 10 in Polearms
 26907 | D:14     | Reached skill level 10 in Staves
 26907 | D:14     | Reached skill level 10 in Slings
 26907 | D:14     | Reached skill level 10 in Bows
 26907 | D:14     | Reached skill level 10 in Crossbows
 26907 | D:14     | Reached skill level 10 in Throwing
 26907 | D:14     | Reached skill level 10 in Armour
 26907 | D:14     | Reached skill level 10 in Shields
 26907 | D:14     | Reached skill level 10 in Unarmed Combat
 26907 | D:14     | Reached skill level 10 in Spellcasting
 26907 | D:14     | Reached skill level 10 in Evocations
 26954 | D:14     | Received a gift from Okawaru
 27511 | D:15     | Entered Level 15 of the Dungeon
 27918 | D:15     | Noticed Rupert
 27931 | D:15     | Killed Rupert
 28079 | D:15     | Noticed Azrael
 28101 | D:15     | Killed Azrael
 28701 | D:15     | Found a staircase to the Depths.
 28795 | D:15     | Noticed Louise
 28832 | D:15     | Killed Louise
 29024 | D:15     | Found a sacrificial altar of Ru.
 29080 | D:15     | Found Biezodonax's Book Shop.
 29125 | D:15     | Found a white marble altar of Elyvilon.
 29964 | Shoals:1 | Entered Level 1 of the Shoals
 30625 | Spider:1 | Entered Level 1 of the Spider Nest
 30806 | Spider:1 | Received a gift from Okawaru
 31169 | Spider:1 | Reached XP level 16. HP: 120/127 MP: 30/30
 31176 | Spider:1 | Received a gift from Okawaru
 31382 | Spider:1 | Received a gift from Okawaru
 34474 | Spider:3 | Got a flickering copper amulet
 34687 | Spider:4 | Entered Level 4 of the Spider Nest
 34917 | Spider:3 | Received a gift from Okawaru
 35331 | Spider:4 | Received a gift from Okawaru
 36847 | Spider:4 | Reached XP level 17. HP: 87/135 MP: 0/32
 38705 | Spider:4 | Got a gossamer rune of Zot
 39315 | Shoals:1 | Found the +10 zealot's sword {holy, *Rage rN+ EV+3}
 39583 | Vaults:1 | Entered Level 1 of the Vaults
 39935 | D:13     | Received a gift from Okawaru
 40317 | Vaults:1 | Received a gift from Okawaru
 40505 | Vaults:1 | Found Louck's Book Shoppe.
 41852 | Vaults:1 | Reached skill level 10 in Conjurations
 41852 | Vaults:1 | Reached skill level 10 in Hexes
 41852 | Vaults:1 | Reached skill level 10 in Summonings
 41852 | Vaults:1 | Reached skill level 10 in Necromancy
 41852 | Vaults:1 | Reached skill level 10 in Translocations
 41852 | Vaults:1 | Reached skill level 10 in Transmutations
 41852 | Vaults:1 | Reached skill level 10 in Fire Magic
 41852 | Vaults:1 | Reached skill level 10 in Ice Magic
 41852 | Vaults:1 | Reached skill level 10 in Air Magic
 41852 | Vaults:1 | Reached skill level 10 in Earth Magic
 41852 | Vaults:1 | Reached skill level 10 in Poison Magic
 41871 | Vaults:1 | Noticed Asterion
 41891 | Vaults:1 | Killed Asterion
 42628 | Vaults:1 | Got a bone halberd
 42628 | Vaults:1 | Identified the +1 halberd "Keloicw" {vorpal, rC+ Int-5
                  | Stlth+} (You found it on level 1 of the Vaults)
 42891 | Vaults:2 | Received a gift from Okawaru
 42968 | Vaults:2 | Found Agyphi's Weapon Boutique.
 43013 | Vaults:2 | Reached XP level 18. HP: 96/143 MP: 33/33
 43243 | Vaults:2 | Received a gift from Okawaru
 44315 | Vaults:1 | Received a gift from Okawaru
 44582 | Vaults:2 | Received a gift from Okawaru
 45034 | Vaults:2 | Identified the amulet "Rorelimp" {Spirit rN+} (You found it
                  | on level 3 of the Spider Nest)
 46249 | Vaults:3 | Found Puomunkomieb's Antique Armour Emporium.
 46395 | Vaults:3 | Bought a glowing helmet for 262 gold pieces
 46490 | Vaults:3 | Found a runed translucent door.
 46490 | Vaults:3 | Found a shimmering altar of Xom.
 46490 | Vaults:3 | Noticed Ceoruaheis's ghost (adept MiFi)
 46586 | Vaults:3 | Found a portal to a secret trove of treasure.
 47004 | Vaults:3 | Found a staircase to the Crypt.
 47180 | Vaults:3 | Reached skill level 15 in Stealth
 47204 | Vaults:3 | Received a gift from Okawaru
 48576 | Shoals:1 | Cast into level 2 of the Abyss (merfolk impaler)
 48787 | Abyss:3  | Noticed a bone dragon
 48896 | Abyss:3  | Received a gift from Okawaru
 48908 | Abyss:3  | Got a twisted executioner's axe {god gift}
 48955 | Abyss:3  | Reached XP level 19. HP: 48/151 MP: 25/28
 49258 | Shoals:1 | Escaped the Abyss
 49731 | Lair:3   | Identified the +3 executioner's axe of Okawaru's
                  | Benevolence {flame, rElec rF- Stlth+} (Okawaru gifted it to
                  | you on level 3 of the Abyss)
 50242 | Depths:1 | Entered Level 1 of the Depths
 50706 | D:15     | Received a gift from Okawaru
 51452 | D:15     | Received a gift from Okawaru
 52018 | Depths:1 | Found a gateway to Hell.
 52552 | Depths:1 | Received a gift from Okawaru
 53768 | Depths:2 | Reached XP level 20. HP: 160/160 MP: 37/37
 54285 | Depths:2 | Received a gift from Okawaru
 54483 | Depths:2 | Received a gift from Okawaru
 54558 | Depths:2 | Noticed a juggernaut
 54916 | Depths:2 | Received a gift from Okawaru
 55173 | Depths:2 | Killed a juggernaut
 55173 | Depths:2 | Received a gift from Okawaru
 56033 | Depths:2 | Found a one-way gate leading to the halls of Pandemonium.
 56183 | Depths:2 | Identified the ring of the Genius {rC+ Int+6 Dex+2 Stlth+}
 56661 | Depths:2 | Received a gift from Okawaru
 56672 | Depths:2 | Got an ichor-stained helmet {god gift}
 56677 | Depths:2 | Identified the +1 helmet "Dimayvizox" {Dex+3} (Okawaru
                  | gifted it to you on level 2 of the Depths)
 56729 | Depths:2 | Found a one-way gate to the infinite horrors of the Abyss.
 58425 | Depths:3 | Noticed Saint Roka
 60383 | Shoals:2 | Reached XP level 21. HP: 126/167 MP: 34/38
 60924 | Shoals:3 | Received a gift from Okawaru
 61170 | Shoals:3 | Reached skill level 15 in Fighting
 61477 | Shoals:4 | Entered Level 4 of the Shoals
 61603 | Shoals:3 | Acquired 920 gold pieces
 61663 | Shoals:4 | Found a flickering gateway to a bazaar.
 61680 | Bazaar   | Entered a bazaar
 61839 | Bazaar   | Found Funodeit's Antique Armour Shoppe.
 61848 | Bazaar   | Found Cefreoss's Weapon Boutique.
 61848 | Bazaar   | Found Goik Setz's Jewellery Boutique.
 61857 | Bazaar   | Found Ywirutz's Book Emporium.
 61954 | Bazaar   | Bought a glimmering cloak for 266 gold pieces
 61965 | Bazaar   | Identified the cursed -6 cloak of Ciejash {rC+ Regen+} (You
                  | bought it in a shop in a bazaar)
 62202 | Shoals:4 | Reached skill level 15 in Invocations
 62475 | Shoals:4 | Identified the +1 robe of the Vanishing Olives {Int+3 Dex-4
                  | SInv}
 63347 | Shoals:4 | Got a barnacled rune of Zot
 64182 | Elf:1    | Entered Level 1 of the Elven Halls
 64195 | Elf:1    | Received a gift from Okawaru
 64261 | Elf:1    | Found a radiant altar of Vehumet.
 64552 | Elf:1    | Found a runed translucent gate.
 64555 | Elf:1    | Found a runed translucent gate.
 64555 | Elf:1    | Found a runed translucent gate.
 64557 | Elf:1    | Noticed Zoiloeb's ghost (adept CeHu)
 64599 | Elf:1    | Received a gift from Okawaru
 64986 | Elf:1    | Received a gift from Okawaru
 65450 | Elf:1    | Identified the Catalogue of Creation
 65462 | Elf:1    | Found Higiubea's Armour Shop.
 65640 | Elf:1    | Found Jioph's Antique Weapon Shoppe.
 66078 | Elf:1    | Received a gift from Okawaru
 66335 | Elf:2    | Found Ocuel's Gadget Shop.
 66335 | Elf:2    | Found Tiuled's Jewellery Shoppe.
 66336 | Elf:2    | Found Emnozoad's Gadget Shop.
 66826 | Elf:2    | Reached XP level 22. HP: 176/176 MP: 40/40
 66831 | Elf:2    | Found a runed translucent door.
 66856 | Elf:2    | Found a runed translucent door.
 68026 | Elf:2    | Received a gift from Okawaru
 68039 | Elf:2    | Reached skill level 15 in Long Blades
 68039 | Elf:2    | Reached skill level 15 in Dodging
 68053 | Elf:2    | Got a faintly humming plate armour {god gift}
 68072 | Elf:2    | Identified the +0 plate armour of Fashionability {rC+ Int+4
                  | Dex-4 Slay+2 Stlth+} (Okawaru gifted it to you on level 2
                  | of the Elven Halls)
 69194 | Elf:3    | Entered Level 3 of the Elven Halls
 69233 | Elf:3    | Found a flickering gateway to a bazaar.
 69245 | Bazaar   | Entered a bazaar
 69245 | Bazaar   | Found Lehucuv's Gadget Shop.
 69245 | Bazaar   | Found Fippie's General Store.
 69282 | Bazaar   | Found Hafalekk's Distillery.
 69293 | Bazaar   | Found Veihilex's Antique Weapon Boutique.
 69313 | Bazaar   | Found Fusiv's Antique Armour Emporium.
 69402 | Bazaar   | Bought a potion of haste for 180 gold pieces
 69402 | Bazaar   | Bought a potion of might for 72 gold pieces
 69402 | Bazaar   | Bought a potion of haste for 180 gold pieces
 69402 | Bazaar   | Bought a potion of ambrosia for 144 gold pieces
 70335 | Elf:3    | Identified the +7 great mace of Midwinter {antimagic,
                  | +Blink rPois Dex+3 Stlth+}
 70706 | Elf:3    | Identified the cursed +1 morningstar "Humne" {vamp, rN+
                  | MP+9 Int+4}
 70745 | Elf:3    | Identified the cursed +0 great sword of Saypix {flame, rC+
                  | MR+}
 70745 | Elf:3    | Identified the +4 quarterstaff "Netuczae" {flame, rElec}
 71254 | Elf:3    | Identified the Guide on Cloudy Cold
 71574 | Elf:3    | Received a gift from Okawaru
 71580 | Elf:3    | Identified the Collected Works on Necromancy and Hexes
 71595 | Elf:3    | Identified the Compendium of Creative Sinister Secrets
 72695 | Vaults:4 | Found a glowing silver altar of Zin.
 72828 | Vaults:4 | Gained mutation: Your body sometimes deteriorates upon
                  | taking damage. [a neqoxec]
 72832 | Vaults:4 | Gained mutation: Your body often deteriorates upon taking
                  | damage. [a neqoxec]
 72874 | Vaults:4 | Reached XP level 23. HP: 150/183 MP: 41/41
 73570 | Vaults:4 | Found Soavew's Book Boutique.
 73705 | Vaults:4 | Reached skill level 15 in Short Blades
 73705 | Vaults:4 | Reached skill level 15 in Axes
 73705 | Vaults:4 | Reached skill level 15 in Maces & Flails
 73705 | Vaults:4 | Reached skill level 15 in Polearms
 73705 | Vaults:4 | Reached skill level 15 in Staves
 73705 | Vaults:4 | Reached skill level 15 in Slings
 73705 | Vaults:4 | Reached skill level 15 in Bows
 73705 | Vaults:4 | Reached skill level 15 in Crossbows
 73705 | Vaults:4 | Reached skill level 15 in Throwing
 73705 | Vaults:4 | Reached skill level 15 in Armour
 73705 | Vaults:4 | Reached skill level 15 in Shields
 73705 | Vaults:4 | Reached skill level 15 in Unarmed Combat
 73705 | Vaults:4 | Reached skill level 15 in Spellcasting
 73705 | Vaults:4 | Reached skill level 15 in Evocations
 73711 | Vaults:4 | Found Ponniv's Weapon Shoppe.
 73783 | Vaults:4 | Found Vangyriq's General Store.
 73875 | Vaults:4 | Found Heuve's Antique Weapon Emporium.
 74049 | Vaults:4 | Noticed Aizul
 74065 | Vaults:4 | Received a gift from Okawaru
 74071 | Vaults:4 | Killed Aizul
 74628 | Vaults:5 | Entered Level 5 of the Vaults
 74677 | Vaults:5 | Noticed a golden dragon
 74748 | Vaults:5 | Got a silver rune of Zot
 75123 | Vaults:5 | Identified the +5 dagger of the Purse {elec, rPois rC++
                  | Str-4 Int+4}
 75123 | Vaults:5 | Identified the ring of Eniwanto {rC++ rN+ Str-4 Int+5}
 75379 | Vaults:5 | Received a gift from Okawaru
 75839 | Vaults:5 | Identified the amulet "Aki Xewk" {RegenMP rPois}
 76260 | Vaults:5 | Killed a golden dragon
 76595 | Vaults:5 | Received a gift from Okawaru
 76595 | Vaults:5 | Reached XP level 24. HP: 93/193 MP: 17/42
 76899 | Vaults:5 | Identified the +5 short sword of Wrongful Imprisonment
                  | {vorpal, Str+3}
 77972 | Vaults:5 | Identified the cursed +0 battleaxe of Disorder {freeze,
                  | Dex+10}
 77974 | Vaults:5 | Identified the +8 scimitar of the Screaming Fool {freeze,
                  | rPois MR+}
 78867 | Vaults:5 | Received a gift from Okawaru
 79021 | Vaults:5 | Identified Sif Muna's Compendium of Mutagenic Envenoming
 79520 | Vaults:5 | Got an ichor-stained demon blade
 79520 | Vaults:5 | Identified the cursed +0 demon blade "Ocrityt" {freeze,
                  | rElec rC- Int+9 SInv} (You found it on level 5 of the
                  | Vaults)
 79985 | Slime:1  | Entered Level 1 of the Pits of Slime
 80372 | Slime:3  | Gained mutation: You are dopey. (Int -2) [a shining eye]
 80373 | Slime:3  | Gained mutation: You are covered in fur. (AC +1) [a shining
                  | eye]
 81175 | Slime:5  | Entered Level 5 of the Pits of Slime
 81207 | Slime:4  | Gained mutation: You are weak. (Str -2) [a shining eye]
 81212 | Slime:5  | Gained mutation: You are very weak. (Str -4) [a shining
                  | eye]
 81390 | Slime:5  | Found a viscous altar of Jiyva.
 81390 | Slime:5  | Noticed the Royal Jelly
 83225 | Slime:4  | Lost mutation: Your body often deteriorates upon taking
                  | damage. [potion of mutation]
 83225 | Slime:4  | Lost mutation: You are very weak. (Str -4) [potion of
                  | mutation]
 83225 | Slime:4  | Lost mutation: You are weak. (Str -2) [potion of mutation]
 83225 | Slime:4  | Gained mutation: Your flesh is cold resistant. (rC+)
                  | [potion of mutation]
 83225 | Slime:4  | Gained mutation: You are weak. (Str -2) [potion of
                  | mutation]
 83225 | Slime:4  | Gained mutation: You have a pair of small antennae on your
                  | head. [potion of mutation]
 83226 | Slime:4  | Lost mutation: You are dopey. (Int -2) [potion of mutation]
 83226 | Slime:4  | Lost mutation: You are covered in fur. (AC +1) [potion of
                  | mutation]
 83226 | Slime:4  | Lost mutation: You have a pair of small antennae on your
                  | head. [potion of mutation]
 83226 | Slime:4  | Lost mutation: Your body sometimes deteriorates upon taking
                  | damage. [potion of mutation]
 83226 | Slime:4  | Gained mutation: Your spells are a little harder to cast,
                  | but a little more powerful. [potion of mutation]
 83226 | Slime:4  | Gained mutation: Your spells are harder to cast, but more
                  | powerful. [potion of mutation]
 83226 | Slime:4  | Gained mutation: You are partially covered in iridescent
                  | scales. (AC +2) [potion of mutation]
 84850 | Depths:3 | Found Lyssutus's Antique Weapon Shop.
 85094 | Depths:3 | Received a gift from Okawaru
 85564 | Depths:3 | Received a gift from Okawaru
 85656 | Depths:3 | Noticed Sojobo
 85680 | Depths:3 | Reached XP level 25. HP: 154/198 MP: 30/43
 85695 | Depths:3 | Killed Sojobo
 85818 | Depths:3 | Identified the cursed +1 mace of Oily Trial by Ordeal
                  | {freeze, +Rage Dex+2 Stlth+}
 86229 | Depths:3 | Received a gift from Okawaru
 86616 | Depths:3 | Killed Saint Roka
 86616 | Depths:3 | Received a gift from Okawaru
 86714 | Depths:3 | Got a fading battleaxe {god gift}
 86714 | Depths:3 | Identified the +6 battleaxe of Sunlight {vorpal, rN+}
                  | (Okawaru gifted it to you on level 3 of the Depths)
 86939 | Depths:4 | Noticed Boris
 86949 | Depths:4 | Killed Boris
 87311 | Depths:4 | Noticed a juggernaut
 87721 | Depths:4 | Identified the amulet "Faczevet" {RegenMP rElec rPois Str+4
                  | Stlth-} (You found it on level 4 of the Depths)
 88138 | Depths:4 | Noticed Jory
 88169 | Depths:4 | Killed Jory
 88319 | Depths:4 | Received a gift from Okawaru
 88521 | Depths:4 | Got a buzzing hand crossbow {god gift}
 88522 | Depths:4 | Identified the +4 hand crossbow of Okawaru's Favour {venom,
                  | +Fly rN+++ Str-3 Int-5} (Okawaru gifted it to you on level
                  | 4 of the Depths)
 88962 | Depths:4 | Killed a juggernaut
 89395 | Depths:4 | Identified the ring "Jaqocs" {rPois rC+}
 89657 | Depths:4 | Received a gift from Okawaru
 89792 | Depths:4 | Identified the +11 lajatang of Dismemberment {drain, *Slow
                  | rF+ Str+6}
 90113 | Depths:4 | Received a gift from Okawaru
 90196 | Depths:4 | Identified the Volume of Lightness and Hexes
 90239 | Depths:4 | Got a spiked plate armour
 90244 | Depths:4 | Identified the +1 plate armour of Hopscotch {-Cast +Inv
                  | Int+5} (You found it on level 4 of the Depths)
 90305 | Depths:4 | Reached XP level 26. HP: 206/206 MP: 41/43
 90446 | Hell     | Entered the Vestibule of Hell
 90446 | Hell     | Noticed Geryon
 90448 | Hell     | Gained mutation: Your body sometimes deteriorates upon
                  | taking damage. [a cacodemon]
 91233 | Hell     | Noticed Murray
 92124 | Depths:4 | Identified the +1 hand axe of the Inferno {venom, Fragile
                  | rPois MR++ Str-2}
 92924 | Depths:4 | Killed Murray
 93407 | Hell     | Received a gift from Okawaru
 94334 | Hell     | HP: 8/207 [hell beast[Geryon] (5)]
 95378 | Hell     | Killed Geryon
 95859 | Vaults:3 | You paid a toll of the horn of Geryon to enter a treasure
                  | trove
 95860 | Trove    | Entered a treasure trove
 95872 | Trove    | Identified the Volume of Glacial Bewitchment
 95878 | Trove    | Got a shimmering iron amulet
 95882 | Trove    | Got a coiled lapis lazuli ring
 95926 | Vaults:3 | Identified the amulet "Bulas" {Spirit rPois} (You found it
                  | in a treasure trove)
 95929 | Vaults:3 | Identified the ring of Irhiruylom {*Corrode rElec rPois
                  | Str+6 SInv} (You found it in a treasure trove)
 96233 | Depths:5 | Entered Level 5 of the Depths
 96271 | Depths:5 | Received a gift from Okawaru
 96563 | Depths:5 | Noticed Boris
 96571 | Depths:5 | Killed Boris
 96664 | Depths:5 | Received a gift from Okawaru
 96795 | Depths:5 | Found Odohee's Jewellery Boutique.
 96800 | Depths:5 | Found Paizil's Distillery.
 96807 | Depths:5 | Bought 3 potions of haste for 540 gold pieces
 97112 | Depths:5 | Found a gate to the Realm of Zot.
 97298 | Depths:5 | Received a gift from Okawaru
 97448 | Depths:5 | Noticed an ancient lich
 97449 | Depths:5 | Found a gateway to a ziggurat.
 97921 | Depths:4 | Voluntarily entered the Abyss.
 98028 | Abyss:1  | Received a gift from Okawaru
 98400 | Abyss:1  | Found a runed translucent door.
 98973 | Abyss:1  | Lost mutation: Your spells are harder to cast, but more
                  | powerful. [a neqoxec]
 99082 | Abyss:1  | Found a corrupted altar of Lugonu.
 99295 | Abyss:2  | Reached XP level 27. HP: 217/217 MP: 44/44
 99324 | Abyss:2  | Paralysed by accursed screaming for 2 turns
 99986 | Abyss:3  | Got an abyssal rune of Zot
100021 | Depths:4 | Escaped the Abyss
100773 | Slime:1  | Received a gift from Okawaru
100792 | Slime:1  | Reached skill level 15 in Conjurations
100792 | Slime:1  | Reached skill level 15 in Hexes
100792 | Slime:1  | Reached skill level 15 in Summonings
100792 | Slime:1  | Reached skill level 15 in Necromancy
100792 | Slime:1  | Reached skill level 15 in Translocations
100792 | Slime:1  | Reached skill level 15 in Transmutations
100792 | Slime:1  | Reached skill level 15 in Fire Magic
100792 | Slime:1  | Reached skill level 15 in Ice Magic
100792 | Slime:1  | Reached skill level 15 in Air Magic
100792 | Slime:1  | Reached skill level 15 in Earth Magic
100792 | Slime:1  | Reached skill level 15 in Poison Magic
101101 | Slime:1  | Received a gift from Okawaru
101104 | Slime:1  | Gained mutation: You are clumsy. (Dex -2) [a shining eye]
102997 | Slime:5  | Gained mutation: Armour fits poorly on your strangely
                  | shaped body. [a shining eye]
103306 | Slime:5  | Found the +0 sword of Power
103335 | Slime:5  | HP: 9/219 [acid[the Royal Jelly] (5)]
103368 | Slime:5  | HP: 9/219 [acid[the Royal Jelly] (7)]
106434 | Slime:5  | Killed the Royal Jelly
106847 | Slime:5  | Identified Mauduargh's Tome of Doomed Flames
106868 | Slime:5  | Identified Advanced Sorcery
106908 | Slime:5  | Got a slimy rune of Zot
106957 | Slime:5  | Got a shimmering shortbow
106957 | Slime:5  | Identified the cursed +1 shortbow of the Girdle {freeze,
                  | rF+ Int+2} (You found it on level 5 of the Pits of Slime)
107507 | Crypt:1  | Entered Level 1 of the Crypt
107885 | Crypt:1  | HP: 11/328 [ancient champion/iron shot (25)]
107890 | Crypt:1  | HP: 4/219 [??? (1)]
107892 | Crypt:1  | Mangled by a phantasmal warrior

Illustrated notes

Levels and vault maps discovered:
D:5:      layout_loops_ring, lemuel_doored_altar,
          nemelex_xobeh_ov_fountains_minmay, minmay_temple_entry_stoned_glass,
          gammafunk_ghost_mausoleum
D:6:      layout_loops_cross
D:7:      layout_basic, lemuel_crystal_altar, kennysheep_mini_moat,
          hangedman_decor_opposing, grunt_ministairs_1
D:8:      layout_basic, david_lair_generic, basic_altar, uniq_erica
D:9:      layout_basic, zin_statuary, basic_altar
D:10:     old_forge, layout_irregular_city
D:11:     minmay_statue_hallways, layout_loops_ring, serial_shops, shop, shop,
          uniq_fannar
D:12:     layout_cave_pools, orc_0_dummy, uniq_kirke
D:13:     layout_gridville, ximxim_vaults_locker_room
D:14:     minmay_the_grid_square_5x5_3x3
          [minmay_the_grid_square_5x5_broken_cross,
          minmay_the_grid_square_5x5_lines,
          minmay_the_grid_square_5x5_half_checkered,
          minmay_the_grid_square_5x5_slash,
          minmay_the_grid_square_5x5_megaprize_checkered,
          minmay_the_grid_square_5x5_six, minmay_the_grid_square_5x5_eight,
          minmay_the_grid_square_5x5_almost_minimal,
          minmay_the_grid_square_5x5_forky], layout_basic,
          minmay_misc_feat_encased
D:15:     grunt_enter_depths_hoard, layout_stronghold, serial_shops, shop,
          elyvilon_altar_3, basic_altar, uniq_azrael, uniq_rupert, uniq_louise
Temple:   compressed_dpeg_circular_temple
Lair:1:   layout_cave_pods, hellmonk_ghost_happy_afterlife
Lair:2:   layout_cave_pods, spider_nest_entry_funnel_web, lemuel_old_faithful,
          serial_bayou_shore_b, minmay_lair_oklob_chamber,
          infiniplex_staircase_pool_2
Lair:3:   layout_roguey, elwin_shoals_entry_rooms, grunt_megastairs_5,
          uniq_nergalle
Lair:4:   layout_cave_shapes, minmay_lair_drake_nest
Lair:5:   layout_hall_layers, gauntlet_entry_generic
Lair:6:   minmay_lair_end_enchanted_forest, layout_regular_city,
          minmay_slime_entry_pillars, grunt_megastairs_2
Shoals:1: layout_shoals
Shoals:2: layout_shoals
Shoals:3: layout_shoals, nicolae_shoals_stone_sculpture_thing,
          hangedman_shoal_volcano
Shoals:4: shoals_end_grunt_ice, layout_shoals, serial_shops, bzr_entry_lakeside,
          nicolae_shoals_aquamancer_cove
Spider:1: layout_spider_delve, hive_lemuel
Spider:2: layout_spider_delve
Spider:3: layout_spider_delve
Spider:4: spider_rune_water
Slime:1:  layout_caves
Slime:2:  layout_caves
Slime:3:  layout_caves
Slime:4:  layout_caves, nicolae_slime_welcoming_committee
Slime:5
Orc:1:    layout_caves, serial_shops,
          nicolae_shop_temple_entry_statues_fountains
Orc:2:    st_orc_town, layout_caves
Elf:1:    eino_elf_arrival_altar, layout_geoelf_grid, serial_shops, shop,
          nicolae_shop_behind_doors, gammafunk_ghost_tricky_traps,
          minmay_elf_demonology
Elf:2:    layout_loops_cross, serial_sigils_hangedman_confine, minmay_shop_grove
Elf:3:    grunt_elf_hall_branching, layout_loops_ring, serial_shops,
          bzr_entry_dummy
Vaults:1: nicolae_vaults_network_barrier, v_rooms_4, ontoclasm_vaults_eye,
          v_misc_17, hangedman_vaults_maws, vaults_mumra_minichess_inversion,
          v_rooms_2, st_diamondy, v_misc_17, ontoclasm_vaults_gateway,
          nicolae_vaults_little_squares_4, grunt_vaults_hallway_short,
          layout_vaults_big_cross, serial_shops, shop_fountains, uniq_asterion
Vaults:2: dpeg_vaults_monster_box, v_misc_15, nicolae_vaults_puzzle_piece,
          v_misc_23, nicolae_vaults_triangles, hangedman_vaults_maws,
          ontoclasm_vaults_hangar, hangedman_vaults_impose, v_rooms_3,
          hangedman_vaults_stagger, nicolae_vaults_specimen_jars,
          ontoclasm_vaults_fault, ontoclasm_vaults_pinch,
          ontoclasm_vaults_twist, layout_vaults_ring
Vaults:3: ebering_vaults_ghost_xom, grunt_vaults_twisty,
          nicolae_vaults_little_ls, hangedman_vaults_corner,
          blue_anna_dwarven_crypt, nicolae_vaults_mini_display_case,
          layout_vaults_quadrants, serial_shops, shop_fountains,
          nicolae_trove_entry_crystal
Vaults:4: v_misc_5, vaults_room_door_hall, ontoclasm_vaults_chip, v_misc_13,
          vaults_room_door_hall, v_misc_25, vaults_mumra_lcd,
          hangedman_vaults_nails, v_misc_16, v_misc_27, vaults_dpeg_cross,
          vaults_room_stairs_pillars, v_misc_24, layout_vaults_maze_bifur,
          basic_altar, serial_shops, nicolae_shop_crystal, shop, shop_coins,
          shop, uniq_aizul
Vaults:5
Crypt:1:  layout_basic
Crypt:2:  layout_catacombs, grunt_megastairs_3
Depths:1: layout_gridlike, grunt_mini_vestibule, hex_intersection,
          hangedman_abyss_or_decor_passed, kennysheep_path_1,
          hangedman_abyss_or_decor_jellyfish_corner, interstate_on_off,
          item_on_display_a
Depths:2: evilmike_marble_ring, layout_small_grid, hell_entry,
          abyss_entry_small_statue_room, pan_entry, kennysheep_small_spiral,
          infiniplex_staircase_spiral_double, serial_bayou_shore_a
Depths:3: minmay_three_patterns, layout_gridville, grunt_hell_entry_dis_grunt,
          wad_floor_pattern_2, abyss_entry, rand_demon_pan_entry_9,
          serial_shops, shop, uniq_margery, uniq_saint_roka, uniq_sojobo
Depths:4: box_level_dp, hell_entry, abyss_entry, uniq_boris, uniq_jory
Depths:5: grunt_zot_entry_bicorn, layout_basic, enter_ziggurat_c, fountainhead,
          hangedman_coc_ice_floe, minmay_shop_star
Hell

Skill      XL: |  1  2  3  4  5  6  7  8  9 10 11 12 13 14 15 16 17 18 19 20 21 22 23 24 25 26 27 |
---------------+----------------------------------------------------------------------------------+-----
Stealth        | 10 11 12 13 14 15 16 17 18 19 | 19.3
Short Blades   | 1 2 3 4 5 6 7 8 9 10 11 12 13 14 15 16 17 | 17.6
Axes           | 1 2 3 4 5 6 7 8 9 10 11 12 13 14 15 16 17 | 17.6
Maces & Flails | 1 2 3 4 5 6 7 8 9 10 11 12 13 14 15 16 17 | 17.6
Polearms       | 1 2 3 4 5 6 7 8 9 10 11 12 13 14 15 16 17 | 17.6
Staves         | 1 2 3 4 5 6 7 8 9 10 11 12 13 14 15 16 17 | 17.6
Slings         | 1 2 3 4 5 6 7 8 9 10 11 12 13 14 15 16 17 | 17.6
Bows           | 1 2 3 4 5 6 7 8 9 10 11 12 13 14 15 16 17 | 17.6
Crossbows      | 1 2 3 4 5 6 7 8 9 10 11 12 13 14 15 16 17 | 17.6
Throwing       | 1 2 3 4 5 6 7 8 9 10 11 12 13 14 15 16 17 | 17.6
Armour         | 1 2 3 4 5 6 7 8 9 10 11 12 13 14 15 16 17 | 17.6
Shields        | 1 2 3 4 5 6 7 8 9 10 11 12 13 14 15 16 17 | 17.6
Unarmed Combat | 1 2 3 4 5 6 7 8 9 10 11 12 13 14 15 16 17 | 17.6
Spellcasting   | 1 2 3 4 5 6 7 8 9 10 11 12 13 14 15 16 17 | 17.6
Invocations    | 1 2 3 4 5 6 7 8 9 10 11 12 13 14 15 16 17 18 19 | 19.0
Evocations     | 1 2 3 4 5 6 7 8 9 10 11 12 13 14 15 16 17 | 17.6
Conjurations   | 1 2 3 4 5 6 7 8 9 10 11 12 13 14 15 | 15.2
Hexes          | 1 2 3 4 5 6 7 8 9 10 11 12 13 14 15 | 15.2
Summonings     | 1 2 3 4 5 6 7 8 9 10 11 12 13 14 15 | 15.2
Necromancy     | 1 2 3 4 5 6 7 8 9 10 11 12 13 14 15 | 15.2
Translocations | 1 2 3 4 5 6 7 8 9 10 11 12 13 14 15 | 15.2
Transmutations | 1 2 3 4 5 6 7 8 9 10 11 12 13 14 15 | 15.2
Fire Magic     | 1 2 3 4 5 6 7 8 9 10 11 12 13 14 15 | 15.2
Ice Magic      | 1 2 3 4 5 6 7 8 9 10 11 12 13 14 15 | 15.2
Air Magic      | 1 2 3 4 5 6 7 8 9 10 11 12 13 14 15 | 15.2
Earth Magic    | 1 2 3 4 5 6 7 8 9 10 11 12 13 14 15 | 15.2
Poison Magic   | 1 2 3 4 5 6 7 8 9 10 11 12 13 14 15 | 15.2
Long Blades    | 5 6 7 8 9 10 11 12 13 14 15 16 17 18 | 18.1
Dodging        | 5 6 7 8 9 10 11 12 13 14 15 16 17 18 | 18.1
Fighting       | 7 8 9 10 11 12 13 14 15 16 17 18 | 18.5

Action                   |  1- 3 |  4- 6 |  7- 9 | 10-12 | 13-15 | 16-18 | 19-21 | 22-24 | 25-27 || total
-------------------------+-------+-------+-------+-------+-------+-------+-------+-------+-------++-------
Melee: Falchion          |    33 |    50 |       |       |       |       |       |       |       ||    83
       Bite              |     6 |    12 |    15 |    95 |   214 |   251 |   240 |   319 |   360 ||  1512
       Dagger            |       |    30 |   111 |   148 |       |       |       |       |       ||   289
       War axe           |       |       |       |   518 |   926 |       |       |       |       ||  1444
       Unarmed           |       |       |       |     5 |     4 |       |    47 |       |       ||    56
       Broad axe         |       |       |       |       |   361 |  1383 |   632 |  1216 |  1132 ||  4724
       Punch             |       |       |       |       |    13 |       |    53 |   186 |   212 ||   464
       Eudemon blade     |       |       |       |       |       |    54 |   654 |   282 |   302 ||  1292
       Great sword       |       |       |       |       |       |       |       |       |    58 ||    58
 Fire: Fustibalus        |       |       |       |       |   382 |   643 |    59 |       |       ||  1084
       Triple crossbow   |       |       |       |       |       |       |   563 |   458 |   458 ||  1479
       Hand crossbow     |       |       |       |       |       |       |       |       |    10 ||    10
Throw: Dart              |     2 |     5 |    16 |    90 |     4 |       |       |       |       ||   117
Invok: Finesse           |       |       |       |       |     1 |     1 |     1 |     8 |     9 ||    20
       Heroism           |       |       |       |       |     1 |     1 |     1 |     1 |       ||     4
Evoke: Wand              |       |       |       |     7 |    11 |     4 |     6 |     4 |     4 ||    36
       Phantom mirror    |       |       |       |       |       |       |       |     1 |       ||     1
  Use: Scroll            |       |       |       |       |    23 |     7 |    11 |    18 |    20 ||    79
       Potion            |       |       |       |       |     1 |     3 |     9 |     7 |    15 ||    35
 Stab: Sleeping          |     1 |     2 |     3 |    17 |       |     1 |       |       |       ||    24
       Distracted        |       |       |       |     2 |       |     2 |     1 |     3 |     1 ||     9
       Held in net/web   |       |       |       |       |       |     1 |       |       |       ||     1
       Paralysed         |       |       |       |       |       |       |     3 |       |       ||     3
       Petrifying        |       |       |       |       |       |       |     1 |       |       ||     1
       Petrified         |       |       |       |       |       |       |     1 |       |       ||     1
       Confused          |       |       |       |       |       |       |       |       |     1 ||     1
Armor: Leather armour    |     1 |     5 |     1 |       |       |       |       |       |       ||     7
       Ring mail         |       |       |    20 |    40 |       |       |       |       |       ||    60
       Scale mail        |       |       |       |    75 |       |       |       |       |       ||    75
       Plate armour      |       |       |       |    22 |   750 |   831 |   654 |   440 |       ||  2697
       Gold dragon scale |       |       |       |       |       |       |       |   456 |  1208 ||  1664
Dodge: Dodged            |    28 |    41 |    52 |   540 |   811 |   510 |   747 |   978 |  1409 ||  5116
Block: Buckler           |       |     6 |    14 |   188 |   340 |       |       |       |       ||   548
       Tower shield      |       |       |       |       |   130 |  1435 |   555 |       |       ||  2120
       Rpst.: Falchion   |     8 |    11 |       |       |       |       |       |       |       ||    19
       Eudemon blade     |       |       |       |       |       |     3 |    34 |    35 |    61 ||   133
       Great sword       |       |       |       |       |       |       |       |       |     6 ||     6

Table legend: (Time is in decaauts)
 A = Elapsed time spent in this place.
 B = Non-inter-level travel time spent in this place.
 C = Inter-level travel time spent in this place.
 D = Time resting spent in this place.
 E = Time spent auto-exploring this place.
 F = Levels seen in this place.
 G = Mean time per level.
                   A        B        C        D        E       F      G
               +--------+--------+--------+--------+--------+-----+--------+
         Total | 107240 |  99618 |   7622 |  18537 |  58810 |  58 | 1849.0 |
       Dungeon |  21220 |  18582 |   2638 |   1669 |  12803 |  11 | 1929.1 |
        Temple |     35 |     27 |      8 |      0 |     12 |   1 |   35.0 |
          Lair |  10539 |   8805 |   1734 |   1323 |   6129 |   6 | 1756.5 |
        Shoals |   5138 |   5029 |    109 |    209 |   3487 |   4 | 1284.5 |
   Spider Nest |   8492 |   8048 |    444 |    923 |   5513 |   4 | 2123.0 |
    Slime Pits |   9413 |   9107 |    306 |   3972 |   3377 |   5 | 1882.6 |
  Orcish Mines |   3313 |   3106 |    207 |    370 |   1639 |   2 | 1656.5 |
   Elven Halls |   7209 |   7072 |    137 |    681 |   4664 |   3 | 2403.0 |
        Vaults |  16144 |  14891 |   1253 |   3513 |   7971 |   5 | 3228.8 |
         Crypt |    199 |    199 |      0 |      3 |     83 |   2 |   99.5 |
        Depths |  20012 |  19228 |    784 |   4638 |  11032 |   5 | 4002.4 |
          Hell |    333 |    333 |      0 |      8 |      0 |   1 |  333.0 |
         Abyss |   2619 |   2619 |      0 |    266 |   1118 |   5 |  523.8 |
        Bazaar |    545 |    545 |      0 |      0 |    337 |   2 |  272.5 |
         Trove |     53 |     53 |      0 |      0 |      0 |   1 |   53.0 |
      Gauntlet |   1971 |   1971 |      0 |    957 |    643 |   1 | 1971.0 |
               +--------+--------+--------+--------+--------+-----+--------+

Top non-repeatable levels by time:
Depths:4: 8413 daAuts
Vaults:5: 4720 daAuts
 Slime:4: 4467 daAuts
Depths:2: 4124 daAuts
Vaults:1: 3379 daAuts
Spider:4: 3318 daAuts
    D:15: 3214 daAuts
Depths:3: 3175 daAuts
Vaults:3: 3143 daAuts
    D:13: 2973 daAuts
    D:11: 2830 daAuts
  Lair:6: 2811 daAuts
   Elf:2: 2738 daAuts
Depths:1: 2736 daAuts
  Lair:3: 2470 daAuts
